 Dungeon Crawl Stone Soup version 0.28-a0-973-ga7f8b01127 (webtiles) character file.

Game seed: 375409517589469463

2900 spiderkeys the Fighter (level 9, -1/74 HPs)
             Began as a Barachi Abyssal Knight on Dec 2, 2021.
             Was an Elder of Lugonu.
             Slain by a steam dragon (2 damage)
             ... on level 8 of the Dungeon.
             The game lasted 00:15:52 (8550 turns).

spiderkeys the Fighter (Barachi Abyssal Knight)     Turns: 8550, Time: 00:15:53

Health: -1/74      AC: 17    Str: 18    XL:     9   Next: 78%
Magic:  13/13      EV: 11    Int: 12    God:    Lugonu [****..]
Gold:   413        SH:  0    Dex: 12    Spells: 8/8 levels left

rFire   . . .      SeeInvis .   y - +6 battleaxe of Lupamule {elec, Stlth+}
rCold   . . .      Faith    .   (shield currently unavailable)
rNeg    . . .      Spirit   .   c - +1 ring mail
rPois   +          Reflect  .   v - +2 helmet
rElec   .          Harm     .   h - +1 cloak
rCorr   .          Rampage  .   (no gloves)
Will    .....                   (no boots)
Stlth   ++........              A - amulet of the acrobat
HPRegen 0.22/turn               O - +4 ring of protection
MPRegen 0.13/turn               P - ring of poison resistance

@: slow
A: amphibious, slowness 1, strong legs 1, +LOS
a: Hop, Renounce Religion, Depart the Abyss, Bend Space, Banish, Corrupt


You were on level 8 of the Dungeon.
You worshipped Lugonu.
Lugonu was greatly pleased with you.
You visited 1 branch of the dungeon, and saw 8 of its levels.
You visited the Abyss 1 time.

You collected 413 gold pieces.


Innate Abilities, Weirdness & Mutations

You are amphibious.
You cover ground slowly.
You can hop short distances.
You have an extended range of vision and can be seen from far away.


   Skills:
 + Level 8.0 Fighting
 + Level 6.8 Axes
 + Level 7.3 Armour
 - Level 1.6 Dodging
 + Level 5.6 Invocations
 + Level 6.1 Evocations


You had 8 spell levels left.
You didn't know any spells.
Your spell library contained the following spells:

 Spells                   Type           Power      Damage    Failure   Level
 Ensorcelled Hibernation  Hex/Ice        0%         N/A       63%         2
 Spider Form              Tmut/Pois      0%         N/A       85%         3

Inventory:

Hand Weapons
 l - a +3 hand axe
   (You found it on level 2 of the Dungeon)
 y - the +6 battleaxe of Lupamule (weapon) {elec, Stlth+}
   (You acquired it on level 7 of the Dungeon)

   It occasionally discharges a powerful burst of electricity upon striking a
   foe.
   Stlth:     It makes you more stealthy.
 B - a +0 war axe
   (You found it on level 7 of the Dungeon)
Missiles
 b - 50 sling bullets
 f - 20 bolts
 g - 8 poisoned darts
 i - 3 boomerangs
 k - 163 stones
 r - 55 arrows
 E - 2 throwing nets {=f!f}
Armour
 c - a +1 ring mail (worn)
   (You found it on level 1 of the Abyss)
 h - a +1 cloak (worn)
   (You took it off Crazy Yiuf on level 3 of the Dungeon)
 o - a +0 helmet
   (You took it off Robin on level 3 of the Dungeon)
 v - a +2 helmet (worn)
   (You found it on level 6 of the Dungeon)
Magical Staves
 w - a staff of cold {!a}
   (You found it on level 6 of the Dungeon)
Jewellery
 A - an amulet of the acrobat (around neck)
   (You found it on level 7 of the Dungeon)
 F - a ring of protection from fire
   (You found it on level 1 of the Abyss)
 O - a +4 ring of protection (left hand)
   (You found it on level 1 of the Abyss)
 P - a ring of poison resistance (right hand)
   (You found it on level 1 of the Dungeon)
 W - a ring of magical power
   (You found it on level 6 of the Dungeon)
Wands
 m - a wand of digging (8)
   (You took it off Terence on level 3 of the Dungeon)
 s - a wand of charming (8)
   (You found it on level 4 of the Dungeon)
 x - a wand of acid (5)
   (You found it on level 6 of the Dungeon)
 D - a wand of iceblast (8)
   (You found it on level 7 of the Dungeon)
 G - a wand of paralysis (5)
   (You found it on level 7 of the Dungeon)
Scrolls
 e - a scroll of vulnerability {!r!r}
 q - a scroll of blinking {!r}
 t - 2 scrolls of immolation {!r!r}
 u - 2 scrolls of teleportation {@r4}
 C - a scroll of identify {@r1}
Potions
 a - a potion of resistance {unknown}
 d - a potion of lignification {unknown}
 j - 2 potions of brilliance
 n - a potion of cancellation {unknown}
 p - a potion of ambrosia {unknown}
 z - a potion of mutation {unknown}

Dungeon Overview and Level Annotations

Branches:
Dungeon (8/15)             Temple (0/1) D:4
   Lair: D:8-11

Altars:
Okawaru

Shops:
D:5 * D:7

= ##### ###<.>#
###.#...#
###...#...#
###.....#...#
###......§#c..#
#<†......§§.§.+
###.......#@..#
###.....#†D.#
###...#...#
###.#...#
###<.># #####


You could see a centaur warrior and a steam dragon (catching breath).


Message History

You start putting on your amulet.
You continue putting on your amulet of the acrobat. x5
You finish putting on your amulet of the acrobat.
You feel ready to tumble and roll out of harm's way.
A - an amulet of the acrobat (around neck)
You now have enough gold to buy an amulet of reflection on this level.
You can access your shopping list by pressing '$'.
You now have 395 gold pieces (gained 12).
Found a stone staircase leading up.
Key pressed, stopping explore.
You now have 413 gold pieces (gained 18).
Found an escape hatch in the ceiling.
There is an escape hatch in the ceiling here.
There is an escape hatch in the ceiling here.
There is an escape hatch in the ceiling here.
You see here a +0 flail.
There is a stone staircase leading up here.
You see here a +0 ring mail.
Items here: )))) [.
Items here: )))) [[.
You see here a +0 club.
Things that are here:
a +0 dagger; a +0 robe
Things that are here:
a +0 short sword; a +0 leather armour Done exploring.
Done exploring.
Done exploring.
Things that are here:
a +0 trident; a +0 plate armour
There is a stone staircase leading down here.
You climb downwards.
The bullfrog gives a loud, deep croak!
There is a stone staircase leading up here.
You slice the bullfrog!!
The bullfrog hits you but does no damage.
The bullfrog hits you. 😕 HP[-3]
You take 3 damage, and now have 71/74 hp.
You barely miss the bullfrog.
The bullfrog hits you but does no damage.
The bullfrog barely misses you.
You slash the bullfrog!
You kill the bullfrog!
Lugonu accepts your kill.
Your Fighting skill increases to level 8! 😕 HP[+1] No target in view!
No target in view!
You see here a bullfrog corpse.
You open the door.
An acid dragon comes into view.
Found an escape hatch in the floor. 😎 HP[+2]
Your hp is fully restored (74).
An acid dragon is nearby!
An acid dragon is nearby!
A steam dragon and a centaur warrior come into view.
Found two escape hatches in the ceiling and an escape hatch in the floor.
The acid dragon roars!
The centaur warrior wields a +0 longbow.
The centaur warrior shoots an arrow.
The arrow hits you!
There is an open door, spattered with blood here. 😕 HP[-9]
You take 9 damage, and now have 65/74 hp.
The centaur warrior shoots an arrow.
The arrow misses you.
The arrow hits the acid dragon!
You hit the acid dragon.
The centaur warrior shoots an arrow.
The arrow hits you! The acid dragon spits acid at you.
The splash of acid hits you!
The centaur warrior shoots an arrow.
The arrow hits you!!
* * * LOW HITPOINT WARNING * * *
The acid dragon bites you.
* * * LOW HITPOINT WARNING * * *
The acid dragon claws you but does no damage.
The steam dragon breathes steam at you. The ball of steam misses you.
You are too injured to fight recklessly! 😨 HP[-41]
You take 41 damage, and now have 24/74 hp.
MASSIVE DAMAGE!! (PAUSE)
You barely miss the acid dragon. You barely miss the steam dragon.
You are engulfed in a cloud of scalding steam.
* * * LOW HITPOINT WARNING * * *
The acid dragon barely misses you. The acid dragon misses you.
The steam dragon bites you but does no damage.
The steam dragon misses you. 😨 HP[-4]
You take 4 damage, and now have 20/74 hp.
You slice the acid dragon!!
You kill the acid dragon!
Lugonu accepts your kill.
You barely miss the steam dragon.
You are engulfed in a cloud of scalding steam.
The centaur warrior shoots an arrow.
The arrow hits you!!
* * * LOW HITPOINT WARNING * * *
The steam dragon bites you but does no damage.
The steam dragon claws you.
You die...

Skill      XL: |  1  2  3  4  5  6  7  8  9 |
---------------+----------------------------+-----
Fighting       | 4 5 6 7 8 |  8.0
Invocations    | 2 3 4 5 |  5.6
Armour         | 3 4 5 6 7 |  7.3
Evocations     | 1 2 3 5 6 |  6.1
Axes           | 3 4 5 6 |  6.8
Dodging        | |  1.6

Action                   |  1- 3 |  4- 6 |  7- 9 || total
-------------------------+-------+-------+-------++-------
Melee: Hand axe          |    65 |   204 |   297 ||   566
       Battleaxe         |       |       |    43 ||    43
Throw: Dart              |       |     1 |     4 ||     5
Invok: Depart the Abyss  |     1 |       |       ||     1
       Bend Space        |       |     1 |       ||     1
 Abil: Hop               |     1 |     1 |       ||     2
Evoke: Wand              |       |     6 |     7 ||    13
  Use: Scroll            |     3 |     2 |     6 ||    11
       Potion            |       |     2 |       ||     2
 Stab: Paralysed         |       |    10 |     8 ||    18
Armor: Ring mail         |    38 |    88 |   206 ||   332
Dodge: Dodged            |    48 |   123 |   210 ||   381

Levels and vault maps discovered:
D:1:      wander_arrival_peaceful_grave, layout_basic,
          shapermc_ecumenical_altar_totnotflames, minmay_misc_feat_iff
D:2:      layout_loops_cross, uniq_jessica
D:3:      layout_basic, uniq_crazy_yiuf_cottage, uniq_robin, uniq_terence
D:4:      layout_basic, minmay_temple_entry_junction, nrook_mini_backslash,
          kennysheep_crisscross, uniq_edmund
D:5:      layout_cave_pools, serial_shops, shop, minmay_misc_feat_diagonals
D:6:      layout_loops_ring, uniq_duvessa, uniq_eustachio
D:7:      layout_basic, kennysheep_mini, serial_shops, shop, uniq_harold
D:8:      minmay_diamond_stairs, layout_basic, roderic_roman_lattice, uniq_grum

Notes
Turn   | Place    | Note
-------+----------+-------------------------------------------
     0 | Abyss:1  | spiderkeys the Barachi Abyssal Knight began the quest for
                  | the Orb.
     0 | Abyss:1  | Reached XP level 1. HP: 18/18 MP: 2/2
     0 | Abyss:1  | magus.rc [v1.9.10]
   127 | Abyss:1  | Noticed a tentacled starspawn
   151 | Abyss:1  | Noticed a large abomination
   153 | D:1      | You pass through the gate.
   153 | D:1      | Escaped the Abyss
   247 | D:1      | Reached * piety under Lugonu
   259 | D:1      | Reached XP level 2. HP: 15/25 MP: 3/3
   529 | D:1      | You pick up a book of Dreams and begin reading...
   529 | D:1      | You add the spells Ensorcelled Hibernation and Spider Form
                  | to your library.
   920 | D:1      | Found a faded altar of an unknown god.
  1273 | D:2      | Reached XP level 3. HP: 29/30 MP: 4/4
  1286 | D:2      | Noticed Jessica
  1302 | D:2      | Reached skill level 4 in Fighting
  1302 | D:2      | Reached skill level 2 in Invocations
  1306 | D:2      | Killed Jessica
  1307 | D:2      | Reached skill level 3 in Armour
  1307 | D:2      | Reached XP level 4. HP: 34/37 MP: 5/5
  1531 | D:2      | Reached skill level 1 in Evocations
  2014 | D:3      | Identified a +1 robe of the Archmagi
  2253 | D:3      | Noticed Terence
  2262 | D:3      | Killed Terence
  2263 | D:3      | Reached skill level 3 in Axes
  2263 | D:3      | Reached XP level 5. HP: 43/43 MP: 6/6
  2488 | D:3      | Reached ** piety under Lugonu
  2536 | D:3      | Noticed Robin
  2551 | D:3      | Killed Robin
  3141 | D:3      | Found a runed translucent door.
  3142 | D:3      | Noticed Crazy Yiuf
  3167 | D:3      | Killed Crazy Yiuf
  3168 | D:3      | Reached skill level 2 in Evocations
  3408 | D:4      | Reached XP level 6. HP: 48/49 MP: 8/8
  3485 | D:4      | HP: 8/49 [ogre (17)]
  3508 | D:4      | Reached skill level 4 in Armour
  3508 | D:4      | Reached skill level 3 in Invocations
  3510 | D:4      | Reached skill level 5 in Fighting
  3771 | D:4      | Noticed a necrophage
  3785 | D:4      | Killed a necrophage
  3786 | D:4      | Reached skill level 4 in Axes
  3805 | D:4      | Noticed Edmund
  3822 | D:4      | Reached XP level 7. HP: 48/56 MP: 9/9
  3879 | D:4      | Found a staircase to the Ecumenical Temple.
  3913 | D:4      | Killed Edmund
  3914 | D:4      | Reached skill level 3 in Evocations
  4561 | D:5      | Entered Level 5 of the Dungeon
  4697 | D:5      | Reached *** piety under Lugonu
  4911 | D:5      | Reached skill level 5 in Armour
  5182 | D:5      | Reached skill level 6 in Fighting
  5182 | D:5      | Reached XP level 8. HP: 58/64 MP: 10/10
  5224 | D:5      | Found Baroen's General Store.
  5232 | D:5      | Reached skill level 4 in Invocations
  5239 | D:5      | Reached skill level 5 in Axes
  5239 | D:5      | Reached skill level 4 in Evocations
  5746 | D:6      | Noticed Eustachio
  6277 | D:6      | Noticed Duvessa
  6277 | D:6      | Noticed Dowan
  6280 | D:6      | Killed Dowan
  6283 | D:6      | Killed Duvessa
  6312 | D:6      | Noticed a shadow
  6369 | D:6      | Reached skill level 6 in Armour
  6845 | D:6      | Reached skill level 7 in Fighting
  6845 | D:6      | Reached skill level 5 in Evocations
  6845 | D:6      | Reached XP level 9. HP: 72/72 MP: 12/12
  7023 | D:6      | Killed Eustachio
  7024 | D:6      | Reached skill level 6 in Axes
  7024 | D:6      | Reached skill level 5 in Invocations
  7435 | D:7      | Found Maog's Jewellery Shoppe.
  7591 | D:7      | Identified a scroll of acquirement
  7591 | D:7      | Acquired the +6 battleaxe of Lupamule {elec, Stlth+}
  7945 | D:7      | Reached **** piety under Lugonu
  8019 | D:7      | Found an iron altar of Okawaru.
  8051 | D:7      | Noticed Harold
  8065 | D:7      | Killed Harold
  8066 | D:7      | Reached skill level 7 in Armour
  8066 | D:7      | Reached skill level 6 in Evocations
  8525 | D:8      | Reached skill level 8 in Fighting
  8546 | D:8      | Noticed a centaur warrior
  8550 | D:8      | HP: 1/74 [centaur warrior/arrow (19)]
  8550 | D:8      | Slain by a steam dragon

Vanquished Creatures
  Harold (D:7)
  Eustachio (D:6)
  Edmund (D:4)
  An acid dragon (D:8)
  Duvessa (D:6)
  A water moccasin (D:6)
  An orc warrior (D:6)
  4 necrophages
  An ice beast (D:6)
  A sky beast (D:6)
  An ogre (D:4)
  A phantom (D:5)
  A bullfrog (D:8)
  A gnoll sergeant (D:7)
  A wyvern skeleton (D:5)
  Dowan (D:6)
  A centaur zombie (D:6)
  2 hounds
  2 centaur skeletons (D:4)
  2 jellies
  3 orc priests
  Crazy Yiuf (D:3)
  Jessica (D:2)
  3 iguanas
  3 orc wizards
  Terence (D:3)
  2 hound skeletons
  Robin (D:3)
  7 gnolls (D:7)
  A howler monkey skeleton (D:6)
  6 adders
  A white imp (D:5)
  2 adder skeletons (D:4)
  3 worms
  2 dart slugs
  24 orcs
  9 endoplasms
  5 giant cockroaches
  4 hobgoblins
  2 jackals (D:3)
  3 quokkas
  9 ball pythons
  2 bats
  2 frilled lizards
  19 goblins
  5 kobolds
  A quokka skeleton (D:4)
  2 rats
150 creatures vanquished.

Vanquished Creatures (others)
  2 starspawn tentacles (Abyss:1)
2 creatures vanquished.

Grand Total: 152 creatures vanquished

Table legend:
 A = Non-vault XP
 B = Vault XP
 C = Vault XP percentage of total XP
 D = Non-vault monster count
 E = Vault monster count
 F = Vault count percentage of total count
                 A         B        C        D         E       F
            +---------+---------+-------+---------+---------+-------
      Total |    2565 |    1652 |  39.2 |     128 |      22 |  14.7
            +---------+---------+-------+---------+---------+-------
        D:1 |      28 |       0 |   0.0 |      17 |       0 |   0.0
        D:2 |      58 |      37 |  38.9 |      19 |       1 |   5.0
        D:3 |      58 |     111 |  65.7 |      18 |      15 |  45.5
        D:4 |     521 |     176 |  25.3 |      22 |       1 |   4.3
        D:5 |     540 |       0 |   0.0 |      15 |       0 |   0.0
        D:6 |     792 |     400 |  33.6 |      12 |       3 |  20.0
        D:7 |     475 |     855 |  64.3 |      24 |       1 |   4.0
        D:8 |      93 |      73 |  44.0 |       1 |       1 |  50.0
            +---------+---------+-------+---------+---------+-------

Illustrated notes

Table legend:
 A = Kills in this place as a percentage of kills in entire the game.
 B = Kills by you in this place as a percentage of kills by you in the entire game.
 C = Kills by friends in this place as a percentage of kills by friends in the entire game.
 D = Other kills in this place as a percentage of other kills in the entire game.
 E = Experience gained in this place as a percentage of experience gained in the entire game.
 F = Experience gained in this place divided by the number of levels of this place that you have seen.
                   A       B       C       D       E      F
               +-------+-------+-------+-------+-------+----------------------
         Total | 100.0 | 100.0 |   N/A |   N/A | 100.0 | 468.6
       Dungeon | 100.0 | 100.0 |   N/A |   N/A | 100.0 | 527.1
               +-------+-------+-------+-------+-------+----------------------

Table legend: (Time is in decaauts)
 A = Elapsed time spent in this place.
 B = Non-inter-level travel time spent in this place.
 C = Inter-level travel time spent in this place.
 D = Time resting spent in this place.
 E = Time spent auto-exploring this place.
 F = Levels seen in this place.
 G = Mean time per level.
                   A        B        C        D        E       F      G
               +--------+--------+--------+--------+--------+-----+--------+
         Total |   9520 |   9350 |    170 |    924 |   6912 |   9 | 1057.8 |
       Dungeon |   9341 |   9171 |    170 |    924 |   6828 |   8 | 1167.6 |
         Abyss |    178 |    178 |      0 |      0 |     83 |   1 |  178.0 |
               +--------+--------+--------+--------+--------+-----+--------+

Top non-repeatable levels by time:
     D:4: 1679 daAuts
     D:6: 1525 daAuts
     D:3: 1511 daAuts
     D:7: 1425 daAuts
     D:1: 1185 daAuts
     D:5: 1026 daAuts
     D:2: 955 daAuts
 Abyss:1: 178 daAuts
     D:8: 33 daAuts
